 Dungeon Crawl Stone Soup version 0.24.0-2-g5b39cebb1c (webtiles) character file.

Game seed: 10036140895316429731, levelgen mode: deterministic

16 Esekla the Vexing (level 2, -3/18 HPs)
             Began as an Octopode Arcane Marksman on Oct 29, 2019.
             Killed by divine providence
             ... invoked by an orc priest
              (10 damage)
             ... on level 2 of the Dungeon.
             The game lasted 00:06:23 (1079 turns).

Esekla the Vexing (Octopode Arcane Marksman)        Turns: 1079, Time: 00:06:24

Health: -3/18      AC:  1    Str:  9    XL:     2   Next: 58%
Magic:  3/3        EV: 13    Int: 15    God:
Gold:   59         SH:  0    Dex: 12    Spells: 2/3 levels left

rFire    . . .     SeeInvis .   e - +0 short sword
rCold    . . .     Gourm    .   (no shield)
rNeg     . . .     Faith    .   (helmet restricted)
rPois    .         Spirit   .   (no amulet)
rElec    .         Reflect  .   (no ring)
rCorr    .         Harm     .   (no ring)
MR       .....                  (no ring)
Stlth    ++........             (no ring)
HPRegen  0.06/turn              (no ring)
MPRegen  0.08/turn              (no ring)
                                (no ring)
                                (no ring)

@: no status effects
A: almost no armour, stealthy swim, amphibious, 8 rings, constrict 8, camouflage
1, gelatinous body 1
a: no special abilities


You were on level 2 of the Dungeon.
You were not hungry.

You visited 1 branch of the dungeon, and saw 2 of its levels.

You collected 59 gold pieces.

Inventory:

Hand Weapons
 e - a +0 short sword (weapon)
Missiles
 a - 7 boomerangs (quivered)
 b - 5 javelins
 c - 2 throwing nets
Scrolls
 f - a scroll of immolation {unknown}
 g - a scroll of remove curse {unknown}
Comestibles
 d - 2 rations


   Skills:
 * Level 1.5 Fighting
 + Level 1.0 Short Blades
 - Level 2.0 Throwing
 + Level 2.3 Dodging
 + Level 1.2 Spellcasting
 - Level 3.0 Hexes


You had 2 spell levels left.
You knew the following spells:

 Your Spells              Type           Power        Failure   Level  Hunger
a - Corona                Hex            #......      7%          1    ##.....

Your spell library contained the following spells:

 Spells                   Type           Power        Failure   Level  Hunger
 Slow                     Hex            #.......     11%         2    ###....
 Inner Flame              Hex/Fire       #.......     36%         3    ####...
 Portal Projectile        Hex/Tloc       #.....       36%         3    ####...
 Cause Fear               Hex            #.........   56%         4    #####..
 Leda's Liquefaction      Hex/Erth       #.........   78%         4    #####..


Dungeon Overview and Level Annotations

Branches:
Dungeon (2/15)

Altars:


Innate Abilities, Weirdness & Mutations

You cannot wear most types of armour.
You are very stealthy in the water. (Stealth+)
You are amphibious.
You can wear up to eight rings at the same time.
You can use your tentacles to constrict eight enemies at once.
Your skin changes colour to match your surroundings (Stealth+).
Your rubbery body absorbs attacks. (AC +1, EV +1)


Message History

You climb downwards.
An adder, an orc priest and an orc wizard come into view.
Found 21 gold pieces and 2 rations.
There is a stone staircase leading up here.
A gnoll comes into view. It is wielding a +0 spear.
An orc and an orc wizard come into view.
The helpless orc priest fails to defend itself.
You hit the orc priest.
The gnoll shouts!
Your grab misses the orc priest. Your squeeze misses the orc priest.
The orc priest is lightly wounded.
You hear a shout!
The orc wizard shouts!
You hear a shout!
The orc shouts!
The orc priest calls down the wrath of Beogh upon you.
Beogh smites you!
Ouch! That really hurt!
The gnoll throws a throwing net.
The throwing net barely misses you.
The orc priest mumbles some strange prayers to Beogh against you.
Beogh smites you!
Ouch! That really hurt!
You die...

# ##.# #..%..
.. ####.#... ..
...%....## #.
......... .
S.......# .# ..
......$<##.#..#
#####.#.....o.#
.. #.@###.## ##
#..# #..o.oo#
##.##### ..#
.$# #..# #.g.
#.##


You could see an orc priest, an orc wizard (wandering) and a gnoll.

Vanquished Creatures
  An ooze (D:1)
  2 bats (D:1)
  A giant cockroach (D:1)
  A goblin (D:1)
  A hobgoblin (D:1)
  A ball python (D:1)
  3 kobolds (D:1)
  4 rats (D:1)
14 creatures vanquished.

Notes
Turn   | Place    | Note
-------+----------+-------------------------------------------
     0 | D:1      | Esekla the Octopode Arcane Marksman began the quest for the
                  | Orb.
     0 | D:1      | Reached XP level 1. HP: 13/13 MP: 2/2
   142 | D:1      | Reached XP level 2. HP: 12/18 MP: 3/3
   301 | D:1      | Upgraded the game from 0.24.0-1-gfbc8707122 to
                  | 0.24.0-2-g5b39cebb1c
   798 | D:1      | Reached skill level 1 in Short Blades
  1079 | D:2      | Killed from afar by an orc priest

Levels and vault maps discovered:
D:1:      matt_arrival_debris, layout_loops_corners
D:2:      layout_loops_cross, lemuel_zombie_altar_kikubaaqudgha

Skill      XL: |  1  2 |
---------------+-------+-----
Short Blades   | 1 |  1.0
Fighting       | |  1.5
Throwing       | |  2.0
Dodging        | |  2.3
Spellcasting   | |  1.2
Hexes          | |  3.0

Action                   || total
-------------------------++-------
Melee: Short sword       ||    32
       Constrict         ||     8
       Tentacles         ||     3
Throw: Boomerang         ||     2
 Stab: Sleeping          ||     1
Armor: Skin              ||     5
Dodge: Dodged            ||    15
